 Dungeon Crawl Stone Soup version 0.27-a0-522-g46bbb28828 (webtiles) character file.

Game seed: 11624350713550776903

123 Anon1729 the Skirmisher (level 4, -8/37 HPs)
             Began as a Demonspawn Fighter on Mar 5, 2021.
             Killed by divine providence
             ... invoked by an orc priest
              (10 damage)
             ... on level 3 of the Dungeon.
             The game lasted 00:05:08 (3117 turns).

Anon1729 the Skirmisher (Demonspawn Fighter)        Turns: 3117, Time: 00:05:08

Health: -8/37      AC:  6    Str: 17    XL:     4   Next: 79%
Magic:  4/4        EV:  7    Int: 10    God:
Gold:   139        SH:  9    Dex: 12    Spells: 3/3 levels left

rFire    . . .     SeeInvis .   k - +0 morningstar
rCold    . . .     Faith    .   c - +0 kite shield
rNeg     . . .     Spirit   .   b - +0 scale mail
rPois    .         Reflect  .   (no helmet)
rElec    .         Harm     .   (no cloak)
rCorr    .         Rampage  .   (no gloves)
Will     +....                  (no boots)
Stlth    ..........             (no amulet)
HPRegen  0.12/turn              i - ring of willpower
MPRegen  0.09/turn              (no ring)

@: no status effects
A: claws 2, foul stench 1
a: no special abilities


You were on level 3 of the Dungeon.
You visited 1 branch of the dungeon, and saw 3 of its levels.

You collected 139 gold pieces.

Inventory:

Hand Weapons
 a - a +0 flail
 k - a +0 morningstar (weapon)
Missiles
 e - 76 stones (quivered)
Armour
 b - a +0 scale mail (worn)
 c - a +0 kite shield (worn)
Jewellery
 i - a ring of willpower (left claw)
Scrolls
 h - 3 scrolls of identify {unknown}
 l - a scroll of amnesia {unknown}
 m - a scroll of enchant weapon {unknown}
Potions
 d - a potion of might
 f - a potion of flight {unknown}
 g - a potion of degeneration {unknown}
 j - 2 potions of lignification {unknown}


   Skills:
 + Level 3.7 Fighting
 + Level 2.7 Maces & Flails
 + Level 3.4 Armour
 + Level 3.4 Shields


You had 3 spell levels left.
You didn't know any spells.
Your spell library was empty.

Dungeon Overview and Level Annotations

Branches:
Dungeon (3/15)

Altars:
Fedhas
Qazlal
Yredelemnul


Innate Abilities, Weirdness & Mutations

You have very sharp fingernails.
You may rarely emit foul miasma when damaged in melee.


Message History

You kill the rat!
The orc priest mumbles some strange prayers to Beogh against you.
Beogh smites you! The orc hits you but does no damage.
You block the orc's attack.
You are too injured to fight recklessly!
You are too injured to fight recklessly!
You are too injured to fight recklessly!
You are too injured to fight recklessly!
You are too injured to fight recklessly!
You are too injured to fight recklessly!
You are too injured to fight recklessly!
You are too injured to fight recklessly!
Unknown command.
You barely miss the orc.
The orc is almost dead.
The orc hits you but does no damage. You block the orc's attack.
Unknown command.
Unknown command.
You hit the orc.
You kill the orc!
The orc barely misses you. x2
You puncture the worm!
The worm is heavily wounded.
You block the orc's attack. The worm bites you but does no damage.
You sock the worm!
You kill the worm!
The orc barely misses you. x2
You closely miss the orc.
The orc priest mumbles some strange prayers to Beogh against you.
Beogh smites you!
* * * LOW HITPOINT WARNING * * *
The orc completely misses you.
The orc priest begins to cast a cantrip, but forgets the words!
You block the orc's attack.
You barely miss the orc. The orc hits you but does no damage.
You closely miss the orc priest.
The orc priest is severely wounded.
The orc priest calls down the wrath of Beogh upon you.
Beogh smites you!
You die...

###### ....# ...#
## #.o#
....##oo####
######
......)@##.#
#....#
....###.##.#
#....# ## . #.##.#
#....# #. #.##.#
#....#####. #....#
#....#.....
####.###....##.##.
#..............
#####....#.....
######.....


You could see an orc priest and 2 orcs.

Vanquished Creatures
  A hound (D:3)
  3 adders
  3 oozes
  4 worms
  2 dart slugs (D:2)
  An orc (D:3)
  A ball python (D:1)
  9 goblins
  3 hobgoblins
  2 jackals (D:3)
  4 kobolds (D:1)
  4 bats
  6 rats
43 creatures vanquished.

Notes
Turn   | Place    | Note
-------+----------+-------------------------------------------
     0 | D:1      | Anon1729 the Demonspawn Fighter began the quest for the
                  | Orb.
     0 | D:1      | Reached XP level 1. HP: 18/18 MP: 1/1
   628 | D:1      | Gained mutation: You have sharp fingernails. [demonic
                  | ancestry]
   628 | D:1      | Reached XP level 2. HP: 24/24 MP: 2/2
  1125 | D:2      | Found a basalt altar of Yredelemnul.
  1133 | D:2      | Gained mutation: You have very sharp fingernails. [demonic
                  | ancestry]
  1133 | D:2      | Reached XP level 3. HP: 15/29 MP: 3/3
  1524 | D:2      | Found a stormy altar of Qazlal.
  1802 | D:2      | Noticed a phantom
  1810 | D:2      | Found a blossoming altar of Fedhas.
  2421 | D:3      | Gained mutation: You may rarely emit foul miasma when
                  | damaged in melee. [demonic ancestry]
  2421 | D:3      | Reached XP level 4. HP: 19/36 MP: 4/4
  3115 | D:3      | HP: 1/37 [orc priest/divine providence (12)]
  3117 | D:3      | Killed from afar by an orc priest

Illustrated notes

Levels and vault maps discovered:
D:1:      shiori_shiawase, layout_basic
D:2:      cheibrodos_old_hovel, layout_loops_corners,
          nicolae_qazlal_general_emergency, lemuel_doored_altar,
          overflow_temple_1_default, chequers_ecumenical_altar_simple,
          fedhas_altar_fruit_tree, uniq_crazy_yiuf_cottage
D:3:      layout_basic, st_stairs_3, minmay_crystal_water

Skill      XL: |  1  2 |
---------------+-------+-----
Maces & Flails | 2 |  2.7
Armour         | 3 |  3.4
Shields        | 3 |  3.4
Fighting       | |  3.7

Action                   |  1- 3 |  4- 6 || total
-------------------------+-------+-------++-------
Melee: Flail             |    95 |       ||    95
       Morningstar       |    43 |    46 ||    89
Throw: Stone             |    12 |       ||    12
Armor: Scale mail        |    60 |    26 ||    86
Dodge: Dodged            |    32 |    22 ||    54
Block: Kite shield       |    70 |    33 ||   103

Table legend: (Time is in decaauts)
 A = Elapsed time spent in this place.
 B = Non-inter-level travel time spent in this place.
 C = Inter-level travel time spent in this place.
 D = Time resting spent in this place.
 E = Time spent auto-exploring this place.
 F = Levels seen in this place.
 G = Mean time per level.
                   A        B        C        D        E       F      G
               +--------+--------+--------+--------+--------+-----+--------+
         Total |   3226 |   3178 |     48 |    885 |   1561 |   3 | 1075.3 |
       Dungeon |   3226 |   3178 |     48 |    885 |   1561 |   3 | 1075.3 |
               +--------+--------+--------+--------+--------+-----+--------+

Top non-repeatable levels by time:
     D:2: 1192 daAuts
     D:1: 1181 daAuts
     D:3: 852 daAuts
